 Dungeon Crawl Stone Soup version 0.25.0-1-g7eea58d2a3 (webtiles) character file.

Game seed: 15770511755132091840

102 Jannitor the Magician (level 4, -6/19 HPs)
             Began as a Vine Stalker Wizard on June 13, 2020.
             Was a Follower of Hepliaklqana.
             Killed from afar by an orc wizard (7 damage)
             ... with a magic dart
             ... on level 3 of the Dungeon.
             The game lasted 00:06:48 (3386 turns).

Jannitor the Magician (Vine Stalker Wizard)         Turns: 3386, Time: 00:06:52

Health: -6/19      AC:  3    Str: 11    XL:     4   Next: 78%
Magic:  0/10       EV: 12    Int: 18    God:    Hepliaklqana [*.....]
Gold:   59         SH:  0    Dex: 12    Spells: 5/10 levels left

rFire    . . .     SeeInvis .   g - +0 dagger
rCold    . . .     Gourm    .   (no shield)
rNeg     . . .     Faith    .   a - +0 robe
rPois    .         Spirit   +   b - +0 hat
rElec    .         Reflect  .   (no cloak)
rCorr    .         Harm     .   k - +0 pair of gloves
MR       .....                  (no boots)
Stlth    ++........             (no amulet)
HPRegen  0.46/turn              (no ring)
MPRegen  0.12/turn              (no ring)

@: brilliant
A: reduced essence, fangs 2, regeneration 1, magic shield, antimagic bite, no
potion heal 3, rot immunity
a: Recall Ancestor, Ancestor Identity, Renounce Religion


You were on level 3 of the Dungeon.
You worshipped Hepliaklqana.
Hepliaklqana was aware of your devotion.
You were not hungry.

You visited 1 branch of the dungeon, and saw 3 of its levels.

You collected 59 gold pieces.

Inventory:

Hand Weapons
 g - a +0 dagger (weapon)
Missiles
 p - 18 poisoned darts (quivered)
Armour
 a - a +0 robe (worn)
 b - a +0 hat (worn)
 k - a +0 pair of gloves (worn)
Scrolls
 c - 4 scrolls of remove curse {unknown}
 h - 2 scrolls of identify {unknown}
 m - a scroll of magic mapping {unknown}
Potions
 e - a potion of brilliance
 f - a potion of heal wounds {unknown}
 i - a potion of degeneration {unknown}
 j - a potion of ambrosia {unknown}
 l - 2 potions of resistance {unknown}
 n - 2 potions of berserk rage {unknown}
Comestibles
 d - 3 rations
 o - 8 chunks of flesh


   Skills:
 + Level 1.0 Fighting
 + Level 1.1 Short Blades
 - Level 1.9 Dodging
 - Level 2.9 Stealth
 + Level 3.8 Spellcasting
 + Level 2.2 Conjurations
 + Level 1.7 Summonings
 - Level 1.0 Translocations


You had 5 spell levels left.
You knew the following spells:

 Your Spells              Type           Power        Failure   Level  Hunger
a - Magic Dart            Conj           ###.         6%          1    None
b - Call Imp              Summ           ##......     11%         2    None
c - Blink                 Tloc           N/A          16%         2    None

Your spell library contained the following spells:

 Spells                   Type           Power        Failure   Level  Hunger
 Slow                     Hex            #.......     22%         2    None
 Conjure Flame            Conj/Fire      ##......     28%         3    None
 Mephitic Cloud           Conj/Pois/Air  #.......     32%         3    None


Dungeon Overview and Level Annotations

Branches:
Dungeon (3/15)

Altars:
Hepliaklqana

Annotations:
D:2 exclusion: adder


Innate Abilities, Weirdness & Mutations

You have extremely sharp teeth.
Your natural rate of healing is unusually fast.
When hurt, damage is shared between your health and your magic reserves.
Your bite disrupts and absorbs the magic of your enemies.
Potions cannot restore your health.
You are immune to rotting.
Your life essence is reduced to manifest your ancestor. (-10% HP)


Message History

Your crimson imp disappears in a puff of smoke!
The orc wizard misses you.
Wieske hits the orc wizard but does no damage.
You barely miss the orc wizard. Your bite misses the orc wizard.
The orc wizard gestures at you while chanting.
The puff of flame hits you!
Ouch! That really hurt!
* * * LOW HITPOINT WARNING * * *
Wieske hits the orc wizard.
You are too injured to fight recklessly!
Unknown command.
Okay, then.
Unknown command.
It was a potion of brilliance.
You feel clever all of a sudden.
You feel sick.
You are no longer poisoned.
The orc wizard points at you and mumbles some strange words.
The magic dart hits you!
You die...

#......<..>..<#
#.#####...#####
#...§......#
#.#...####.#
.......###
########
###.##....# #
#.......
#.###.#.##.#
#.######
.###.).R.5(...#
#.#
#.......o@#.####
#>#
#.#########.####
#.# #....# #.#
####.# #.#
#######.####.#
........†...[#
........######
#########


You could see the friendly Wieske the ancestor, an orc wizard and a friendly
crimson imp (summoned).

Vanquished Creatures
  A hound skeleton (D:3)
  An adder (D:3)
  An ooze (D:2)
  A worm (D:2)
  A dart slug (D:1)
  2 leopard geckos (D:1)
  An orc (D:3)
  5 bats
  5 giant cockroaches
  5 goblins
  4 hobgoblins
  2 jackals (D:1)
  5 frilled lizards
  5 kobolds (D:1)
  6 rats
45 creatures vanquished.

Vanquished Creatures (collateral kills)
  An adder (D:2)
  3 worms
  An orc (D:3)
  2 bats (D:3)
  A hobgoblin (D:3)
  A kobold (D:3)
9 creatures vanquished.

Grand Total: 54 creatures vanquished

Notes
Turn   | Place    | Note
-------+----------+-------------------------------------------
     0 | D:1      | Jannitor the Vine Stalker Wizard began the quest for the
                  | Orb.
     0 | D:1      | Reached XP level 1. HP: 9/9 MP: 5/5
   580 | D:1      | Reached XP level 2. HP: 13/13 MP: 1/7
  1267 | D:1      | Learned a level 2 spell: Call Imp
  1468 | D:1      | Reached XP level 3. HP: 16/16 MP: 7/9
  2536 | D:2      | Learned a level 2 spell: Blink
  2756 | D:2      | Found a hazy altar of Hepliaklqana.
  2880 | D:2      | Found a faded altar of an unknown god.
  2970 | D:2      | Gained mutation: Your natural rate of healing is unusually
                  | fast. [Vine Stalker growth]
  2970 | D:2      | Reached XP level 4. HP: 12/21 MP: 7/10
  3006 | D:2      | Became a worshipper of Hepliaklqana the Forgotten
  3006 | D:2      | Reached * piety under Hepliaklqana
  3208 | D:3      | Reached skill level 1 in Short Blades
  3379 | D:3      | Reached skill level 1 in Fighting
  3386 | D:3      | Killed from afar by an orc wizard

Illustrated notes

Levels and vault maps discovered:
D:1:      dpeg_arrival_snail, layout_basic, minmay_misc_feat_secret_circle,
          palyth_stone_intersect
D:2:      layout_rooms, lemuel_coloured_pillars_altar,
          chequers_ecumenical_altar_simple_redux, minmay_distorted
D:3:      layout_loops_ring

Skill      XL: |  1  2  3  4 |
---------------+-------------+-----
Conjurations   | 2 |  2.2
Short Blades   | 1 |  1.1
Fighting       | 1 |  1.0
Dodging        | |  1.9
Stealth        | |  2.9
Spellcasting   | |  3.8
Summonings     | |  1.7
Translocations | |  1.0

Action                   |  1- 3 |  4- 6 || total
-------------------------+-------+-------++-------
Melee: Unarmed           |    19 |       ||    19
       Bite              |    14 |    14 ||    28
       Dagger            |    54 |    68 ||   122
 Cast: Magic Dart        |    70 |     3 ||    73
       Call Imp          |     9 |     2 ||    11
Invok: Ancestor Identity |       |     1 ||     1
  Use: Potion            |       |     1 ||     1
 Stab: Sleeping          |     2 |     1 ||     3
  Eat: Chunk             |     6 |     2 ||     8
Armor: Robe              |    21 |    16 ||    37
Dodge: Dodged            |    55 |    51 ||   106
